 Dungeon Crawl Stone Soup version 0.16.1-11-g651b585 (webtiles) character file.

3661 MaRawlith the Cleaver (level 9, -3/106 HPs)
             Began as a Minotaur Berserker on Apr 6, 2015.
             Was an Elder of Trog.
             Slain by a thrashing horror (11 damage)
             ... on level 2 of the Abyss.
             The game lasted 01:19:51 (9793 turns).

MaRawlith the Cleaver (Minotaur Berserker)          Turns: 9793, Time: 01:19:52

Health: -3/106     AC: 17    Str: 31    XL:     9   Next: 89%
Magic:  4/4        EV:  9    Int:  4    God:    Trog [****..]
Gold:   126        SH:  0    Dex:  7    Spells: 0 memorised, 8 levels left

rFire  . . .     SeeInvis .     v - +1 executioner's axe (freeze) {AGURR}
rCold  . . .     Clarity  .     m - +1 chain mail
rNeg   + . .     SustAb   .     (no shield)
rPois  .         Gourm    .     (helmet restricted)
rElec  .         Spirit   .     n - +0 cloak
rCorr  .         Warding  .     u - +0 pair of gloves
rMut   .         Stasis   .     l - +1 pair of boots
MR     ++...                    (no amulet)
Stlth  ..........               t - ring of positive energy
                                (no ring)

@: berserking, regenerating, constricted, very quick, very resistant to hostile
enchantments, extremely unstealthy
A: retaliatory headbutt, horns 2, clumsy 1, high mp 1
a: Burn Spellbooks, Berserk, Trog's Hand, Brothers in Arms, Renounce Religion


You were on level 2 of the Abyss.
You worshipped Trog.
Trog was greatly pleased with you.
You were not hungry.

You visited 2 branches of the dungeon, and saw 9 of its levels.
You visited the Abyss 1 time.
You also visited: Ossuary.

You collected 306 gold pieces.
You spent 180 gold pieces at shops.

Inventory:

Hand weapons
 v - a +1 executioner's axe of freezing (weapon) {AGURR}
Missiles
 d - 4 tomahawks (quivered)
Armour
 l - a +1 pair of boots (worn)
 m - a +1 chain mail (worn)
 n - a +0 cloak (worn)
 u - a +0 pair of gloves (worn)
Jewellery
 f - an uncursed ring of sustain abilities
 t - a ring of positive energy (right hand)
Magical devices
 r - a wand of flame (24)
 x - a wand of random effects (20)
 D - a wand of disintegration (18)
Scrolls
 e - 2 scrolls of fear
 o - a scroll of teleportation
 p - 2 scrolls of recharging
 q - a scroll of remove curse
 y - a scroll of identify
 B - a scroll of enchant weapon {unknown}
Potions
 a - 2 potions of haste {unknown}
 b - 3 potions of heal wounds
 g - a potion of agility
 i - a potion of might {unknown}
 j - a potion of restore abilities {unknown}
 k - a potion of ambrosia {unknown}
 w - 3 potions of flight {unknown}
 z - 6 potions of curing
 A - a potion of brilliance {unknown}
 C - a potion of beneficial mutation {unknown}
Comestibles
 c - 5 bread rations
 h - 3 slices of pizza
 s - a beef jerky


   Skills:
 - Level 4.2 Fighting
 * Level 14.3 Axes
 - Level 1.4 Throwing
 - Level 8.0 Armour
 - Level 3.1 Dodging


You had 8 spell levels left.
You didn't know any spells.

Dungeon Overview and Level Annotations

Branches:
Dungeon (8/15)             Temple (1/1) D:7
   Lair: D:8-11

Altars:
Ashenzari
Cheibriados
Elyvilon
Fedhas
Gozag
Kikubaaqudgha
Nemelex Xobeh
Okawaru
Ru
Sif Muna
Trog
Vehumet
Xom
Yredelemnul
Zin
The Shining One
Lugonu

Shops:
D:6 (*=   D:7 :

Annotations:
D:8 Erolcha


Innate Abilities, Weirdness & Mutations

You reflexively headbutt those who attack you in melee.
You have a pair of horns on your head.
You are clumsy. (Dex -2)
You have an increased reservoir of magic (+10% MP).


Message History

You slice the lich like a ripe choko!!! You freeze the lich.
The lich is severely damaged.
You slash the tentacled monstrosity! You freeze the tentacled monstrosity.
The tentacled monstrosity is lightly wounded.
You slash the large abomination! You freeze the large abomination.
The large abomination is moderately damaged.
You barely miss the thrashing horror.
The thrashing horror is moderately damaged.
The thrashing horror tramples you but does no damage.
The thrashing horror tramples you.
* * * LOW HITPOINT WARNING * * *
You hold your ground!
The tentacled monstrosity tentacle-slaps you but does no damage.
The tentacled monstrosity tentacle-slaps you.
* * * LOW HITPOINT WARNING * * *
The tentacled monstrosity tentacle-slaps you.
* * * LOW HITPOINT WARNING * * *
x2 The tentacled monstrosity constricts you!
The thrashing horror tramples you!
You die...

. .....###
...........
........ .....
#......##.#.##..#
##......##.#...###
............#..#
...
............######.
.......X.....#..
........L@...#.# ##
........X.X...###..
. .........XX..##.
.....
..##......##..X. .
##......##..##...
.............#..#
.. ............
#.##
...............
..............##


You could see a tentacled monstrosity, a tentacled starspawn, a lich, a
thrashing horror and 3 large abominations.

Vanquished Creatures
  Pikel (D:5)
  The ghost of jazmu the Chopper, an average TeBe of Trog (D:4)
  4 ogres
  2 ice beasts
  3 centaurs
  6 giant frogs
  A wyvern zombie (D:6)
  3 scorpions
  3 killer bees (D:5)
  4 wights (D:7)
  A crimson imp (D:5)
  A goliath beetle (D:6)
  A centaur skeleton (D:4)
  4 hounds
  3 iguanas
  2 gnoll shamans (D:5)
  2 worker ants (D:6)
  Ijyb (D:5)
  14 mummies (Ossuary)
  9 adders
  35 gnolls
  A giant mite (D:5)
  A shadow imp (D:6)
  5 worms
  2 oozes
  17 orcs
  13 bats
  3 bat skeletons
  4 giant cockroaches (D:3)
  11 goblins
  14 hobgoblins
  14 jackals (D:5)
  3 quokkas
  5 ball pythons
  5 giant geckos
  2 giant newts
  A giant spore (D:8)
  A goblin skeleton (Ossuary)
  11 kobolds
  2 kobold skeletons (Ossuary)
  5 orc skeletons (Ossuary)
  13 rats
  11 rat skeletons (Ossuary)
  8 fungi (D:6)
  7 plants
260 creatures vanquished.

Vanquished Creatures (collateral kills)
  An ogre (D:5)
  A gnoll shaman (D:5)
  14 gnolls (D:5)
16 creatures vanquished.

Vanquished Creatures (others)
  A two-headed ogre (D:5)
  A centaur skeleton (D:5)
  A worker ant (D:5)
  An adder zombie (D:5)
  An orc (D:5)
  A goblin (D:5)
6 creatures vanquished.

Grand Total: 282 creatures vanquished

Notes
Turn   | Place    | Note
--------------------------------------------------------------
     0 | D:1      | MaRawlith, the Minotaur Berserker, began the quest for the Orb.
     0 | D:1      | Reached XP level 1. HP: 19/19 MP: 1/1
   155 | D:1      | Reached skill level 4 in Fighting
   155 | D:1      | Reached XP level 2. HP: 24/27 MP: 1/1
   744 | D:1      | Reached XP level 3. HP: 28/33 MP: 2/2
  1270 | D:2      | Reached skill level 1 in Throwing
  1275 | D:2      | Reached XP level 4. HP: 23/40 MP: 2/2
  1283 | D:2      | Gained mutation: You are clumsy. (Dex -2) [potion of mutation]
  1283 | D:2      | Gained mutation: You have an increased reservoir of magic (+10% MP). [potion of mutation]
  1333 | D:2      | Acquired Trog's second power
  1897 | D:2      | Found an iron altar of Okawaru.
  2070 | D:2      | Reached skill level 5 in Axes
  2650 | D:3      | Reached XP level 5. HP: 33/46 MP: 2/2
  3141 | D:4      | Reached skill level 6 in Axes
  3409 | D:4      | Noticed jazmu's ghost (average TeBe)
  3421 | D:4      | Killed jazmu's ghost
  3421 | D:4      | Reached skill level 7 in Axes
  3421 | D:4      | Reached XP level 6. HP: 16/52 MP: 3/3
  3676 | D:4      | Noticed a centaur
  3691 | D:4      | Killed a centaur
  3691 | D:4      | Reached XP level 7. HP: 21/59 MP: 3/3
  4100 | D:5      | Entered Level 5 of the Dungeon
  4109 | D:5      | Found a glowing golden altar of the Shining One.
  4111 | D:5      | Found a white marble altar of Elyvilon.
  4124 | D:5      | Reached skill level 8 in Axes
  4124 | D:5      | Reached skill level 5 in Armour
  4448 | D:5      | Noticed Ijyb
  4457 | D:5      | Killed Ijyb
  4501 | D:5      | Reached skill level 9 in Axes
  4518 | D:5      | Acquired Trog's third power
  4697 | D:5      | Noticed Pikel
  4710 | D:5      | Killed Pikel
  4710 | D:5      | Reached skill level 10 in Axes
  4710 | D:5      | Reached XP level 8. HP: 66/66 MP: 3/3
  4730 | D:5      | Found a bloodstained altar of Trog.
  4810 | D:5      | Found a glowing silver altar of Zin.
  4844 | D:5      | Афыы
  5014 | D:5      | Reached skill level 11 in Axes
  5411 | D:5      | Reached XP level 9. HP: 65/71 MP: 4/4
  5420 | D:5      | Received a gift from Trog
  5774 | D:5      | Found a shimmering altar of Xom.
  6386 | D:6      | Reached skill level 12 in Axes
  6878 | D:6      | Found a sparkling altar of Nemelex Xobeh.
  6959 | D:6      | Found Mneizit's Weapon Boutique.
  7004 | D:6      | Found a blossoming altar of Fedhas.
  7301 | D:6      | Found Pulahau's General Store.
  7305 | D:6      | Bought 2 potions of curing for 90 gold pieces
  7305 | D:6      | Bought 2 potions of curing for 90 gold pieces
  7364 | D:6      | Found Pygruptao's Jewellery Boutique.
  7926 | D:7      | Found a radiant altar of Vehumet.
  8043 | D:7      | Reached skill level 13 in Axes
  8202 | D:7      | Found a staircase to the Ecumenical Temple.
  8219 | Temple   | Entered the Ecumenical Temple
  8355 | D:7      | Found a sand-covered staircase.
  8370 | Ossuary  | Entered an ossuary
  8777 | D:7      | Found Stagemp's Book Emporium.
  9245 | D:7      | Found an ancient bone altar of Kikubaaqudgha.
  9358 | D:7      | Found a sacrificial altar of Ru.
  9560 | D:8      | Reached skill level 14 in Axes
  9575 | D:8      | Noticed Erolcha
  9586 | D:8      | Cast into the Abyss (Erolcha)
  9675 | Abyss:2  | Found a corrupted altar of Lugonu.
  9733 | Abyss:2  | Found a corrupted altar of Lugonu.
  9775 | Abyss:2  | Noticed a lich
  9778 | Abyss:2  | Paralysed by a lich for 3 turns
  9786 | Abyss:2  | Noticed a thrashing horror
  9787 | Abyss:2  | Noticed a tentacled monstrosity
  9793 | Abyss:2  | Noticed a tentacled starspawn
  9793 | Abyss:2  | Slain by a thrashing horror

Action                   |  1- 3 |  4- 6 |  7- 9 || total
-------------------------+-------+-------+-------++-------
Melee: Hand axe          |    41 |   110 |       ||   151
       War axe           |       |    42 |   157 ||   199
       Executioner's axe |       |       |   255 ||   255
Throw: Tomahawk          |    45 |    29 |    24 ||    98
       Throwing net      |       |       |     2 ||     2
Invok: Berserk           |       |     4 |     5 ||     9
       Trog's Hand       |       |     2 |     3 ||     5
       Brothers in Arms  |       |       |     2 ||     2
       Burn Spellbooks   |       |       |     1 ||     1
  Use: Potion            |     1 |     4 |     3 ||     8
       Scroll            |     2 |     8 |    15 ||    25
 Stab: Invisible         |       |     1 |       ||     1
  Eat: Pizza             |     1 |       |     1 ||     2
       Chunk             |       |     3 |     6 ||     9
       Meat ration       |       |     1 |     1 ||     2
       Bread ration      |       |     1 |     1 ||     2
       Fruit             |       |       |     5 ||     5
       Beef jerky        |       |       |     2 ||     2
